 Dungeon Sprint DCSS version 0.23.1 (webtiles) character file.

Game seed: 0

38585 wilfster70 the Slayer (level 14, -4/116 HPs)
             Began as a Gargoyle Monk on Mar 13, 2019.
             Was the Champion of the Shining One.
             Killed from afar by a frost giant (26 damage)
             ... with a bolt of cold
             ... in the Dungeon (Sprint IX: "|||||||||||||||||||||||||||||").
             The game lasted 00:14:24 (4421 turns).

wilfster70 the Slayer (Gargoyle Monk)               Turns: 4421, Time: 00:14:24

Health: -4/116     AC: 42    Str: 20    XL:     14   Next: 2%
Magic:  17/25      EV: 11    Int: 11    God:    the Shining One [******]
Gold:   1124       SH: 11    Dex: 12    Spells: 13/13 levels left

rFire    . . .     SeeInvis .   a - +6 dire flail (crush)
rCold    . . .     Gourm    .   (shield currently unavailable)
rNeg     + + +     Faith    .   m - +2 plate armour
rPois    ∞         Spirit   .   r - +1 helmet
rElec    +         Reflect  .   z - +1 cloak
rCorr    .         Harm     .   x - +1 pair of gloves
MR       ++...     NoTele   +   l - +0 pair of boots
Stlth    ..........             (no amulet)
HPRegen  0.29/turn              y - ring of protection from magic
MPRegen  0.19/turn              p - +2 ring of protection

@: divine shield, glowing
A: big wings, negative energy resistance 1, electricity resistance, unbreathing,
petrification resistance, rot immunity, AC +10
a: Fly, Divine Shield, Cleansing Flame, Summon Divine Warrior, Brand Weapon With
Holy Wrath, Renounce Religion


You were in the Dungeon.
You worshipped the Shining One.
The Shining One was exalted by your worship.
You were not hungry.

You visited 1 branch You collected 1650 gold pieces.
You spent 526 gold pieces at shops.

Inventory:

Hand Weapons
 a - a +6 dire flail of crushing (weapon)
Armour
 l - a +0 pair of boots (worn)
 m - a +2 plate armour (worn)
 r - a +1 helmet (worn)
 x - a +1 pair of gloves (worn)
 z - a +1 cloak (worn)
Jewellery
 n - an uncursed ring of protection from cold
 o - an uncursed ring of see invisible
 p - a +2 ring of protection (right hand)
 w - the ring "Jealax" {Fire Str+6}
   (You bought it in a shop in the Dungeon)

   [ring of fire]

   It enhances your fire magic.
   It affects your strength (+6).
   It protects you from fire.
   It makes you vulnerable to cold.
 y - a ring of protection from magic (left hand)
Wands
 k - a wand of iceblast (10)
Scrolls
 h - 5 scrolls of remove curse
 i - 5 scrolls of blinking
 j - 2 scrolls of amnesia
 s - a scroll of identify
 t - a scroll of fog
 A - 4 scrolls of fear
Potions
 b - 4 potions of berserk rage
 d - 7 potions of curing
 e - 4 potions of heal wounds
 f - a potion of brilliance
 g - 4 potions of magic
 q - a potion of haste
 u - 2 potions of lignification
 v - 3 potions of mutation
Comestibles
 c - 11 rations


   Skills:
 + Level 24.0 Fighting
 - Level 14.9 Maces & Flails
 + Level 17.7 Armour
 + Level 9.4 Dodging
 - Level 2.1 Stealth
 * Level 15.4 Invocations


You had 13 spell levels left.
You didn't know any spells.
Your spell library was empty.

Dungeon Overview and Level Annotations

Branches:
Dungeon (1/1)

Altars:
Cheibriados
Dithmenos
Elyvilon
Fedhas
Gozag
Hepliaklqana
Kikubaaqudgha
Makhleb
Nemelex Xobeh
Okawaru
Qazlal
Ru
Sif Muna
Trog
Uskayaw
Vehumet
Wu Jian
Xom
Yredelemnul
Zin
The Shining One
Beogh
Jiyva
Lugonu

Shops:
D %*(*


Innate Abilities, Weirdness & Mutations

You are resistant to torment.
Your stone body is resilient. (AC +10)
You are immune to poison.
Your large and strong wings let you fly indefinitely.
You resist negative energy. (rN+)
You are resistant to electric shocks. (rElec)
You can survive without breathing.
You are immune to petrification.
You are immune to rotting.


Message History

The ice dragon barely misses you.
The ice dragon tramples you but does no damage.
Your daeva calls down the wrath of the Shining One upon the frost giant.
The frost giant is smitten.
You impale the ice dragon!!
You kill the ice dragon!
You puncture the frost giant!
The frost giant is moderately wounded.
You impale the frost giant!!
The frost giant is heavily wounded.
The frost giant gestures at you while chanting.
The bolt of cold hits you!!
* * * LOW HITPOINT WARNING * * *
The bolt of cold misses your daeva.
Your daeva calls down the wrath of the Shining One upon the frost giant.
The frost giant is smitten.
You swap places.
The frost giant points at you and mumbles some strange words.
The bolt of cold hits your daeva!!! The bolt of cold hits you!!
You die...

,*,*,*,*,*,*,*,▓.▓.▓.▓.▓.▓.▓.▓.▓.
,*,*,*,*,*,*,*,▓.▓.▓.▓.▓'▓.▓.▓.▓.
,*,*+*,*,*,*,*,▓.▓.▓.▓.▓.▓.▓.▓.▓.
,*,*,*,*,*,*,*,▓.▓.▓.▓.▓.▓.▓.▓.▓.
,*,*,*,*,*,*+*,▓.▓.▓.▓.▓.▓.▓.▓.▓.
,*,*,*,*,*,*,*,▓.▓.▓.▓.▓=▓.▓)▓.▓)
,*,*,*,*,*,*,*,▓.▓.▓.▓.▓.▓.▓)▓.▓.
,*,*,*,*,*,*,*,▓.▓.♣÷♣.▓)▓.▓)▓.▓.
,*,*,*,*,*,*,*,▓@▓.♣)♣.▓)▓.▓.▓.▓.
,*,*,*,*,*,*,*,▓A▓.♣.♣.▓)▓.▓.▓.▓.
,*,*,*,*,*,*,*,▓C▓.♣.♣.▓)▓.▓.▓.▓.
,*,*,*,*,*,*,*,▓D▓.♣.♣.▓)▓.▓.▓.▓.
,*,*,*,*,*,*,*,▓y▓.♣.♣.▓)▓.▓.▓.▓.
,*,*,*,*+*,*,*,▓C▓.♣.♣.▓)▓.▓.▓.▓÷
,*,*,*,*,*,*,*,▓.▓.♣.♣.▓)▓.▓)▓.▓÷
,*,*,*,*,*,*,*,▓.▓.♣)♣.▓[▓.▓)▓.▓.
,*,*,*,*,*,*,*,▓.▓.♣)♣.▓[▓.▓.▓.▓.


You could see 2 frost giants, a fire dragon, a spark wasp and a friendly daeva.

Vanquished Creatures
  A quicksilver dragon (D)
  A thorn hunter (D)
  A fire giant (D)
  An emperor scorpion (D)
  A spark wasp (D)
  A dire elephant (D)
  A merfolk javelineer (D)
  An ettin (D)
  2 ogre magi (D)
  A fire dragon (D)
  2 ice dragons (D)
  3 hydras (D)
  A centaur warrior (D)
  An anaconda (D)
  3 alligators (D)
  A shock serpent (D)
  An unseen horror (D)
  A sea snake (D)
  5 orc knights (D)
  A wolf spider (D)
  2 ugly things (D)
  A guardian serpent (shapeshifter) (D)
  A torpor snail (D)
  3 black mambas (D)
  A merfolk siren (D)
  A guardian serpent (D)
  A water nymph (D)
  Joseph (D)
  A naga mage (D)
  3 spiny frogs (D)
  A rime drake (D)
  A demonic crawler (D)
  3 komodo dragons (D)
  2 yaktaurs (D)
  A tengu conjurer (D)
  A hornet (D)
  2 jumping spiders (D)
  2 tyrant leeches (D)
  A polar bear (D)
  A blink frog (D)
  A bog body (D)
  A slime creature (D)
  A hippogriff (D)
  A redback (D)
  A spriggan (D)
  2 tarantellas (D)
  2 shadows (D)
  2 wyverns (D)
  3 yaks (D)
  A basilisk (D)
  A naga (D)
  2 ice beasts (D)
  7 orc warriors (D)
  2 phantoms (D)
  2 crocodiles (D)
  A centaur (D)
  A big kobold (D)
  A bullfrog (D)
  A scorpion (D)
  2 crimson imps (D)
  A quasit (D)
  A jelly (D)
  An orc priest (D)
  A shadow imp (D)
  A dart slug (D)
  An orc (D)
  A bat (D)
  A giant cockroach (D)
  A goblin (D)
  A kobold (D)
  A frilled lizard (D)
106 creatures vanquished.

Vanquished Creatures (collateral kills)
  A dire elephant (D)
  An alligator snapping turtle (D)
  A merfolk aquamancer (D)
  A shock serpent (D)
  A hell knight (D)
  4 orc knights (D)
  6 elephants (D)
  A naga mage (D)
  2 snapping turtles (D)
  A water elemental (D)
  10 orc warriors (D)
  An orc priest (D)
  5 orc wizards (D)
  6 orcs (D)
41 creatures vanquished.

Grand Total: 147 creatures vanquished

Notes
Turn   | Place    | Note
-------+----------+-------------------------------------------
     0 | D        | wilfster70 the Gargoyle Monk began the quest for the Orb.
     0 | D        | Reached XP level 1. HP: 14/14 MP: 1/1
    24 | D        | Reached XP level 2. HP: 13/20 MP: 2/2
   134 | D        | Noticed a scorpion
   134 | D        | Noticed a phantom
   134 | D        | Noticed a centaur
   137 | D        | Reached skill level 4 in Fighting
   141 | D        | Killed a scorpion
   141 | D        | Reached skill level 5 in Fighting
   141 | D        | Reached XP level 3. HP: 26/26 MP: 3/3
   141 | D        | Reached XP level 4. HP: 31/31 MP: 4/4
   148 | D        | Killed a centaur
   148 | D        | Reached skill level 6 in Fighting
   148 | D        | Reached XP level 5. HP: 36/36 MP: 5/5
   192 | D        | Killed a phantom
   192 | D        | Reached XP level 6. HP: 8/42 MP: 6/6
   429 | D        | Found a roughly hewn altar of Beogh.
   429 | D        | Found a snail-covered altar of Cheibriados.
   429 | D        | Found a shadowy altar of Dithmenos.
   429 | D        | Found a white marble altar of Elyvilon.
   429 | D        | Found a blossoming altar of Fedhas.
   429 | D        | Found an opulent altar of Gozag.
   430 | D        | Found a hazy altar of Hepliaklqana.
   431 | D        | Found a viscous altar of Jiyva.
   432 | D        | Found an ancient bone altar of Kikubaaqudgha.
   433 | D        | Found a corrupted altar of Lugonu.
   434 | D        | Found a burning altar of Makhleb.
   435 | D        | Found a sparkling altar of Nemelex Xobeh.
   436 | D        | Found an iron altar of Okawaru.
   437 | D        | Found a stormy altar of Qazlal.
   438 | D        | Found a sacrificial altar of Ru.
   439 | D        | Found a deep blue altar of Sif Muna.
   440 | D        | Found a bloodstained altar of Trog.
   441 | D        | Found a hide-covered altar of Uskayaw.
   442 | D        | Found a radiant altar of Vehumet.
   443 | D        | Found an ornate altar of the Wu Jian Council.
   444 | D        | Found a shimmering altar of Xom.
   445 | D        | Found a basalt altar of Yredelemnul.
   446 | D        | Found a glowing silver altar of Zin.
   447 | D        | Found a glowing golden altar of the Shining One.
   455 | D        | Became a worshipper of the Shining One
   455 | D        | Reached * piety under the Shining One
   455 | D        | Reached ** piety under the Shining One
   503 | D        | Noticed an ice beast
   503 | D        | Noticed a phantom
   503 | D        | Reached *** piety under the Shining One
   503 | D        | Noticed an orc warrior
   510 | D        | Killed an ice beast
   510 | D        | Reached skill level 7 in Fighting
   510 | D        | Reached skill level 10 in Maces & Flails
   510 | D        | Reached skill level 5 in Dodging
   515 | D        | Killed a phantom
   520 | D        | Reached skill level 8 in Fighting
   520 | D        | Reached skill level 1 in Armour
   520 | D        | Reached XP level 7. HP: 49/49 MP: 3/7
   528 | D        | Reached skill level 1 in Invocations
   529 | D        | Reached **** piety under the Shining One
   549 | D        | Noticed a guardian serpent
   549 | D        | Noticed a cyan ugly thing
   549 | D        | Noticed a wyvern
   549 | D        | Reached ***** piety under the Shining One
   553 | D        | Noticed an unseen horror
   559 | D        | Killed a guardian serpent
   559 | D        | Reached skill level 9 in Fighting
   559 | D        | Reached XP level 8. HP: 27/56 MP: 7/9
   567 | D        | Killed a cyan ugly thing
   575 | D        | Killed a wyvern
   575 | D        | Reached skill level 10 in Fighting
   581 | D        | Killed an unseen horror
   581 | D        | Reached skill level 11 in Fighting
   581 | D        | Reached XP level 9. HP: 33/65 MP: 8/10
   583 | D        | Reached skill level 12 in Fighting
   888 | D        | Noticed a spiny frog
   888 | D        | Noticed a komodo dragon
   888 | D        | Noticed a komodo dragon
   891 | D        | Noticed a rime drake
   900 | D        | Killed a spiny frog
   900 | D        | Reached skill level 13 in Fighting
   900 | D        | Reached skill level 5 in Armour
   906 | D        | Killed a komodo dragon
   911 | D        | Killed a komodo dragon
   916 | D        | Reached skill level 14 in Fighting
   918 | D        | Killed a rime drake
   918 | D        | Reached XP level 10. HP: 26/76 MP: 12/12
   918 | D        | Noticed a spiny frog
   929 | D        | Killed a spiny frog
  1169 | D        | Noticed a spiny frog
  1169 | D        | Reached ****** piety under the Shining One
  1169 | D        | Noticed a black mamba
  1170 | D        | Noticed a six-headed hydra
  1171 | D        | Killed a spiny frog
  1171 | D        | Reached skill level 15 in Fighting
  1182 | D        | Killed a black mamba
  1191 | D        | Killed a six-headed hydra
  1191 | D        | Reached skill level 16 in Fighting
  1191 | D        | Reached skill level 10 in Armour
  1421 | D        | Noticed a dire elephant
  1421 | D        | Noticed an elephant
  1421 | D        | Noticed an elephant
  1421 | D        | Noticed an elephant
  1421 | D        | Noticed a dire elephant
  1421 | D        | Noticed an elephant
  1433 | D        | Killed a dire elephant
  1433 | D        | Reached skill level 17 in Fighting
  1433 | D        | Reached XP level 11. HP: 15/85 MP: 11/14
  1443 | D        | Killed a dire elephant
  1789 | D        | Reached skill level 5 in Invocations
  1844 | D        | Reached skill level 18 in Fighting
  1905 | D        | Found Uzaucir's Food Emporium.
  1905 | D        | Noticed an orc knight
  1905 | D        | Noticed an orc knight
  1905 | D        | Noticed an orc knight
  1912 | D        | Killed an orc knight
  1913 | D        | Noticed an orc knight
  1918 | D        | Killed an orc knight
  1920 | D        | Noticed an orc knight
  1924 | D        | Killed an orc knight
  1931 | D        | Killed an orc knight
  1944 | D        | Killed an orc knight
  1945 | D        | Noticed an orc knight
  1968 | D        | Killed an orc knight
  1969 | D        | Found Ijuodoo's Assorted Antiques.
  1971 | D        | Found Gases Weuwio's Antique Weapon Emporium.
  1981 | D        | Found Deczed's Assorted Antiques.
  2157 | D        | Noticed an orc knight
  2158 | D        | Noticed an orc knight
  2159 | D        | Noticed an orc knight
  2171 | D        | Killed an orc knight
  2175 | D        | Killed an orc knight
  2183 | D        | Killed an orc knight
  2194 | D        | Bought a wavering silver ring for 130 gold pieces
  2194 | D        | Identified the ring "Jealax" {Fire Str+6} (You bought it in
                  | a shop in the Dungeon)
  2211 | D        | Bought an amethyst potion for 26 gold pieces
  2211 | D        | Bought an amethyst potion for 26 gold pieces
  2211 | D        | Bought a scroll of identify for 58 gold pieces
  2215 | D        | Bought a scroll of identify for 52 gold pieces
  2215 | D        | Bought a copper ring for 130 gold pieces
  2215 | D        | Bought a scroll labeled IFO YTOUMA for 26 gold pieces
  2215 | D        | Bought 3 scrolls labeled KUWUOD PECVEE for 78 gold pieces
  2443 | D        | Noticed Joseph
  2455 | D        | Killed Joseph
  2455 | D        | Reached skill level 19 in Fighting
  2642 | D        | Noticed a centaur warrior
  2642 | D        | Noticed an eight-headed hydra
  2646 | D        | Reached XP level 12. HP: 95/95 MP: 18/18
  2647 | D        | Noticed an eight-headed hydra
  2650 | D        | Noticed a spark wasp
  2652 | D        | Killed a centaur warrior
  2655 | D        | Noticed an ogre mage
  2657 | D        | Noticed a fire dragon
  2660 | D        | Killed an eight-headed hydra
  2663 | D        | Noticed an ice dragon
  2667 | D        | Killed an eight-headed hydra
  2677 | D        | Killed a spark wasp
  2677 | D        | Reached skill level 10 in Invocations
  2681 | D        | Noticed an ogre mage
  2683 | D        | Killed an ogre mage
  2683 | D        | Reached skill level 20 in Fighting
  2688 | D        | Killed a fire dragon
  2696 | D        | Killed an ice dragon
  2704 | D        | Killed an ogre mage
  3039 | D        | Noticed an alligator
  3039 | D        | Noticed an alligator
  3039 | D        | Noticed an alligator
  3039 | D        | Noticed a spriggan rider
  3051 | D        | Killed an alligator
  3058 | D        | Killed an alligator
  3058 | D        | Reached skill level 21 in Fighting
  3058 | D        | Reached skill level 15 in Armour
  3065 | D        | Noticed a thorn hunter
  3069 | D        | Killed an alligator
  3096 | D        | The Shining One protects you from harm!
  3098 | D        | Killed a thorn hunter
  3098 | D        | Reached XP level 13. HP: 34/105 MP: 22/22
  3406 | D        | Reached skill level 22 in Fighting
  3729 | D        | Noticed a merfolk javelineer
  3760 | D        | Killed a merfolk javelineer
  4078 | D        | Noticed an emperor scorpion
  4083 | D        | Reached skill level 23 in Fighting
  4106 | D        | Killed an emperor scorpion
  4372 | D        | Noticed an ettin
  4372 | D        | Noticed a fire giant
  4377 | D        | Noticed a quicksilver dragon
  4388 | D        | Noticed an ice dragon
  4391 | D        | Noticed a frost giant
  4398 | D        | Killed a fire giant
  4399 | D        | Noticed a fire dragon
  4406 | D        | Killed an ettin
  4408 | D        | Noticed a spark wasp
  4414 | D        | Killed a quicksilver dragon
  4414 | D        | Reached skill level 15 in Invocations
  4414 | D        | Noticed a frost giant
  4415 | D        | Reached skill level 24 in Fighting
  4415 | D        | Gained mutation: Your large and strong wings let you fly
                  | indefinitely. [Gargoyle growth]
  4415 | D        | Reached XP level 14. HP: 53/116 MP: 16/25
  4421 | D        | Killed from afar by a frost giant

Skill      XL: |  1  2  3  4  5  6  7  8  9 10 11 12 13 |
---------------+----------------------------------------+-----
Maces & Flails | 4 6 8 9 11 13 14 | 14.9
Fighting       | 5 6 8 9 11 14 17 19 21 24 | 24.0
Dodging        | 3 4 5 6 7 8 9 |  9.4
Armour         | 1 4 7 11 13 15 17 | 17.7
Invocations    | 1 2 3 4 8 12 15 | 15.4
Stealth        | |  2.1

Action                   |  1- 3 |  4- 6 |  7- 9 | 10-12 | 13-15 || total
-------------------------+-------+-------+-------+-------+-------++-------
Melee: Mace              |    24 |    33 |       |       |       ||    57
       Dire flail        |       |    13 |    69 |   236 |   167 ||   485
Invok: Divine Shield     |       |     1 |       |     1 |     1 ||     3
       Summon Divine War |       |       |       |     2 |     3 ||     5
  Use: Potion            |     1 |       |     1 |     1 |       ||     3
       Scroll            |       |       |     2 |     6 |       ||     8
 Stab: Sleeping          |     1 |       |       |       |       ||     1
  Eat: Chunk             |       |       |       |     4 |     5 ||     9
       Ration            |       |       |       |     1 |       ||     1
Armor: Robe              |     6 |     7 |       |       |       ||    13
       Scale mail        |       |     2 |    15 |    34 |       ||    51
       Plate armour      |       |       |       |    91 |   151 ||   242
Dodge: Dodged            |    17 |    20 |    14 |    93 |    85 ||   229
Block: Other             |       |     1 |     2 |     2 |     8 ||    13
